 Dungeon Sprint DCSS version 0.30.1-4-g462c640d31 (webtiles) character file.

Game seed: 3152966087095517377

29456 Heoruswealwe the Ninja (level 13, -14/77 HPs)
             Began as a Spriggan Artificer on Sept 12, 2023.
             Was an Initiate of Gozag.
             Shot with an arrow by a deep elf master archer (37 damage)
             ... in the Dungeon (Sprint I: "Red Sonja").
             The game lasted 00:59:15 (2712 turns).

Heoruswealwe the Ninja (Spriggan Artificer)         Turns: 2712, Time: 00:59:16

Health: -14/77     AC:  8    Str:  8    XL:     13   Next: 15%
Magic:  14/14      EV: 42    Int: 12    God:    Gozag
Gold:   3          SH:  0    Dex: 21    Spells: 12/12 levels left

rFire   . . .        a - +7 rapier (heavy)
rCold   . . .        (no shield)
rNeg    . . .        c - +1 robe
rPois   +            (helmet restricted)
rElec   .            f - +4 dragonskin cloak
rCorr   .            (gloves unavailable)
SInv    +            (boots unavailable)
Will    ++...        g - amulet of the acrobat
Stlth   ++++++++++   i - ring of poison resistance
HPRegen 0.32/turn    w - ring of flight
MPRegen 0.14/turn

%: no teleportation, acrobat
@: flying, studying Armour, very quick
A: very small, no large weapons, unfitting armour, see invisible, speed 3
a: Renounce Religion, Potion Petition, Call Merchant, Bribe Branch


You were in the Dungeon.
You worshipped Gozag.
Gozag was noncommittal.
You visited 1 branch You collected 10238 gold pieces.
You spent 5153 gold pieces at shops.
You donated 38 gold pieces to Zin.
You paid 5044 gold pieces to Gozag.

Inventory:

Hand Weapons
 a - a +7 heavy rapier (weapon)
 b - a +1 rapier of flaming
Armour
 c - a +1 robe (worn)
 f - the +4 dragonskin cloak (worn)
   (You took it off Tiamat in the Dungeon)

   Avatar's Aegis: It grants the wearer a chance to resist fire, cold, poison,
   electricity, acid, and negative energy.
Jewellery
 g - an amulet of the acrobat (around neck)
 h - a ring of protection from fire
 i - a ring of poison resistance (left hand)
 t - a ring of resist corrosion
 w - a ring of flight (right hand)
Wands
 d - a wand of charming (15)
 j - a wand of paralysis (10)
 m - a wand of polymorph (15)
 s - a wand of flame (9) (quivered)
 u - a wand of mindburst (6)
Scrolls
 e - 9 scrolls of identify
 q - 2 scrolls of silence
Potions
 n - a potion of mutation
 o - 2 potions of cancellation
 p - 11 potions of curing
 r - 3 potions of might
 x - a potion of haste


   Skills:
 + Level 13.5 Fighting
 + Level 17.1 Short Blades
 * Level 25.9 Dodging
 O Level 27 Stealth
 - Level 4.0 Evocations


You had 12 spell levels left.
You didn't know any spells.
Your spell library contained the following spells:

 Spells                   Type           Power      Damage    Failure   Level
 Sting                    Tmut/Pois      0%         1d3       32%         1
 Poisonous Vapours        Pois/Air       0%         N/A       45%         2
 Olgreb's Toxic Radiance  Pois           0%         N/A       97%         4


Dungeon Overview and Level Annotations

Branches:
Dungeon (1/1)

Altars:
Cheibriados
Dithmenos
Elyvilon
Fedhas
Gozag
Hepliaklqana
Kikubaaqudgha
Makhleb
Nemelex Xobeh
Okawaru
Qazlal
Ru
Sif Muna
Trog
Uskayaw
Vehumet
Wu Jian
Xom
Yredelemnul
Zin
The Shining One
Jiyva
Lugonu

Shops:
D !(=?((!*!((([*![*[=:=?(**

Annotations:
D Lernaean hydra


Innate Abilities, Weirdness & Mutations

You are very small and have problems with some larger weapons.
You are too small for most types of armour.
You have supernaturally acute eyesight. (SInv)
You cover ground extremely quickly. (Speed+++)


Message History

The 27-headed Lernaean hydra misses you.
The 27-headed Lernaean hydra closely misses you. x2
The 27-headed Lernaean hydra completely misses you. x2
The 27-headed Lernaean hydra bites you but does no damage.
The 27-headed Lernaean hydra bites you!
The 27-headed Lernaean hydra closely misses you.
The 27-headed Lernaean hydra completely misses you. x3
The 27-headed Lernaean hydra misses you.
The 27-headed Lernaean hydra bites you!
The 27-headed Lernaean hydra completely misses you.
The 27-headed Lernaean hydra barely misses you.
The 27-headed Lernaean hydra bites you!
* * * LOW HITPOINT WARNING * * *
The 27-headed Lernaean hydra bites you but does no damage.
The 27-headed Lernaean hydra completely misses you.
Blink to where?
Press: ? - help, Dir - move target, p - 27-headed Lernaean hydra
As you read the scroll of blinking, it crumbles to dust.
A deep elf master archer comes into view.
Found 108 gold pieces.
Found five items.
There is an open door here.
The deep elf master archer wields a +0 longbow.
The deep elf master archer shoots an arrow.
The arrow completely misses you.
You impale the deep elf master archer!!
The deep elf master archer is moderately wounded.
The deep elf master archer shoots an arrow.
The arrow completely misses you.
You hit the deep elf master archer.
The deep elf master archer is moderately wounded.
The deep elf master archer unwields a +0 longbow.
The deep elf master archer completely misses you.
You puncture the deep elf master archer!
The deep elf master archer is heavily wounded.
The deep elf master archer wields a +0 longbow.
The deep elf master archer shoots an arrow.
The arrow hits you!!!
You die...
Your body crumbles into a pile of gold.

##....#,#~~~##........##$$*
...####,#~~~~##....).##$$$*
.###,^,,#~~~D~########.○°$*
##,,^,**##~~~9#~~~~~#○°..$*
,,,,,^*$$#'~~~'~~.~~'○☼°,$*
,,,^,,#$$$##~~#~~~~~#~~~,,*
,,,,,,#$$$$######'#####~~~*
^,,,^,#$$$$#~~≈≈≈≈≈≈≈≈##~~*
^,,,,,####*##~~~@≈≈≈≈≈≈≈≈~*
,,,^,,+,,#)|'$$.~e~~~~~#≈~*
,,,,,,*,,+)|#$$$$$$$$~~~#~*
*********##*#############**


You could see a deep elf master archer.

Vanquished Creatures
  Tiamat (D)
  A golden dragon (D)
  A shadow dragon (D)
  A daeva (D)
  4 fire giants (D)
  A deep elf annihilator (D)
  A lorocyproca (D)
  A mummy priest (D)
  A hydra (D)
  2 centaur warriors (D)
  Sonja (D)
  A deep troll (D)
  A lindwurm (D)
  8 shining eyes (D)
  2 oklob plants (D)
  2 merfolk sirens (D)
  4 demonic crawlers (D)
  A gargoyle (D)
  7 unseen horrors (D)
  2 kobold demonologists (D)
  A hellwing (D)
  A meliai (D)
  5 hornets (D)
  Sigmund (D)
  A slime creature (D)
  13 hogs (D)
  A yak (D)
  2 redbacks (D)
  7 floating eyes (D)
  An ogre (D)
  7 necrophages (D)
  8 jellies (D)
  Ijyb (D)
  A ballistomycete spore (D)
93 creatures vanquished.

Vanquished Creatures (others)
  A ballistomycete spore (D)
1 creature vanquished.

Grand Total: 94 creatures vanquished

Notes
Turn   | Place    | Note
-------+----------+-------------------------------------------
     0 | D        | Heoruswealwe the Spriggan Artificer began the quest for the
                  | Orb.
     0 | D        | Reached XP level 1. HP: 9/9 MP: 2/2
     1 | D        | Noticed Ijyb
     5 | D        | Killed Ijyb
     6 | D        | Reached skill level 9 in Stealth
     6 | D        | Reached XP level 2. HP: 14/14 MP: 3/3
    34 | D        | Noticed an ogre
    46 | D        | Killed an ogre
    47 | D        | Reached skill level 14 in Stealth
    47 | D        | Reached XP level 3. HP: 17/17 MP: 4/4
    47 | D        | Reached XP level 4. HP: 21/21 MP: 5/5
    61 | D        | Noticed Sigmund
    64 | D        | Killed Sigmund
    65 | D        | Reached skill level 18 in Stealth
    65 | D        | Reached XP level 5. HP: 25/25 MP: 6/6
    76 | D        | Found an ornate altar of the Wu Jian Council.
    76 | D        | Found a shimmering blue altar of Sif Muna.
    78 | D        | Found a radiant altar of Vehumet.
    83 | D        | Reached skill level 19 in Stealth
    83 | D        | Reached XP level 6. HP: 29/29 MP: 7/7
   112 | D        | Found Tenailog's Magic Scroll Emporium.
   112 | D        | Found an ancient bone altar of Kikubaaqudgha.
   112 | D        | Found a hazy altar of Hepliaklqana.
   112 | D        | Found a stormy altar of Qazlal.
   112 | D        | Found a hide-covered altar of Uskayaw.
   112 | D        | Found a blossoming altar of Fedhas.
   112 | D        | Found a bloodstained altar of Trog.
   112 | D        | Found an iron altar of Okawaru.
   112 | D        | Found a basalt altar of Yredelemnul.
   112 | D        | Found a glowing golden altar of the Shining One.
   112 | D        | Found a snail-covered altar of Cheibriados.
   112 | D        | Found a sacrificial altar of Ru.
   112 | D        | Found a glowing silver altar of Zin.
   112 | D        | Found a shadowy altar of Dithmenos.
   112 | D        | Found a white marble altar of Elyvilon.
   112 | D        | Noticed a yak
   113 | D        | Found an opulent altar of Gozag.
   114 | D        | Killed a yak
   115 | D        | Reached skill level 21 in Stealth
   115 | D        | Found a sparkling altar of Nemelex Xobeh.
   120 | D        | Became a worshipper of Zin the Law-Giver
   120 | D        | Reached * piety under Zin
   120 | D        | Reached ** piety under Zin
   120 | D        | Reached *** piety under Zin
   120 | D        | Reached **** piety under Zin
   120 | D        | Reached ***** piety under Zin
   120 | D        | Reached ****** piety under Zin
   129 | D        | Noticed Sonja
   136 | D        | Killed Sonja
   137 | D        | Reached skill level 25 in Stealth
   137 | D        | Reached XP level 7. HP: 32/32 MP: 8/8
   154 | D        | Found Ceurchaka's Distillery.
   165 | D        | Noticed a shining eye
   165 | D        | Noticed a shining eye
   165 | D        | Noticed a shining eye
   165 | D        | Noticed a shining eye
   165 | D        | Noticed a shining eye
   165 | D        | Noticed a shining eye
   168 | D        | Reached skill level 1 in Fighting
   168 | D        | Reached skill level 1 in Short Blades
   168 | D        | Reached XP level 8. HP: 37/37 MP: 9/9
   168 | D        | Noticed a shining eye
   168 | D        | Noticed a shining eye
   171 | D        | Paralysed by a floating eye for 2 turns
   176 | D        | Reached skill level 5 in Dodging
   178 | D        | Killed a shining eye
   179 | D        | Paralysed by a floating eye for 3 turns
   183 | D        | Killed a shining eye
   184 | D        | Reached skill level 5 in Short Blades
   184 | D        | Reached skill level 26 in Stealth
   184 | D        | Reached XP level 9. HP: 46/46 MP: 10/10
   188 | D        | Paralysed by a floating eye for 3 turns
   198 | D        | Paralysed by a floating eye for 4 turns
   208 | D        | Paralysed by a floating eye for 4 turns
   262 | D        | Killed a shining eye
   263 | D        | Reached skill level 5 in Fighting
   285 | D        | Killed a shining eye
   337 | D        | Killed a shining eye
   338 | D        | Reached skill level 10 in Dodging
   376 | D        | Killed a shining eye
   377 | D        | Reached skill level 27 in Stealth
   406 | D        | Killed a shining eye
   407 | D        | Reached XP level 10. HP: 53/53 MP: 11/11
   441 | D        | Killed a shining eye
   454 | D        | Fell from the grace of Zin
   454 | D        | Became a worshipper of Gozag Ym Sagoz the Greedy
   462 | D        | Noticed a deep troll
   466 | D        | Killed a deep troll
   477 | D        | Found Tyvyofro's Armour Emporium.
   633 | D        | Found Julekeod's Antique Weapon Shoppe.
   633 | D        | Found Byiddomp's Weapon Shop.
   633 | D        | Found Evaqowo's Jewellery Emporium.
   633 | D        | Found Zoufas's Antique Weapon Boutique.
   646 | D        | Bought a glowing rapier for 140 gold pieces
   685 | D        | Noticed a centaur warrior
   686 | D        | Noticed a centaur warrior
   689 | D        | Killed a centaur warrior
   690 | D        | Reached skill level 10 in Short Blades
   691 | D        | Killed a centaur warrior
   728 | D        | Noticed an oklob plant
   730 | D        | Killed an oklob plant
   731 | D        | Reached skill level 15 in Dodging
   899 | D        | Reached XP level 11. HP: 53/60 MP: 12/12
   973 | D        | Identified the +0 ring mail "Comof" {rF- Will+++ MP-9 SInv}
   978 | D        | Identified the +0 ring mail of the Orb Guardian {Regen+
                  | Int+2 Slay-5}
  1085 | D        | Found Epufuiw's Armour Boutique.
  1085 | D        | Found Lucux's Book Emporium.
  1085 | D        | Found Ytziuz Qiepn's Assorted Antiques.
  1087 | D        | Found Finoetza's Distillery.
  1087 | D        | Found Pinlaix's Magic Scroll Shoppe.
  1087 | D        | Found Qapuitwuabe's General Store.
  1087 | D        | Found Wodilel's Magic Scroll Emporium.
  1087 | D        | Found Ciameel's Antique Armour Boutique.
  1087 | D        | Found Betokk's Antique Weapon Shoppe.
  1087 | D        | Found Yculo's Weapon Shop.
  1090 | D        | Bought a +0 cloak for 58 gold pieces
  1096 | D        | Bought a small brass amulet for 120 gold pieces
  1096 | D        | Bought a scroll labelled COAM TURIAGELA for 24 gold pieces
  1096 | D        | Bought a fizzy green potion for 21 gold pieces
  1096 | D        | Found Naihuin's Weapon Emporium.
  1097 | D        | Found Ithyschu's Distillery.
  1097 | D        | Found Ypseluz's General Store.
  1098 | D        | Found Ygotwuote's Distillery.
  1116 | D        | Bought a scroll of identify for 24 gold pieces
  1116 | D        | Bought a scroll of identify for 24 gold pieces
  1116 | D        | Bought a scroll of identify for 24 gold pieces
  1138 | D        | Bought a potion of haste for 240 gold pieces
  1138 | D        | Bought a scroll of blinking for 180 gold pieces
  1139 | D        | Bought a potion of curing for 39 gold pieces
  1139 | D        | Bought a potion of flight for 39 gold pieces
  1139 | D        | Bought 2 potions of curing for 78 gold pieces
  1139 | D        | Bought a potion of might for 52 gold pieces
  1139 | D        | Bought a potion of curing for 39 gold pieces
  1139 | D        | Bought 2 potions of flight for 78 gold pieces
  1139 | D        | Bought a potion of might for 52 gold pieces
  1139 | D        | Bought a potion of brilliance for 52 gold pieces
  1139 | D        | Bought a potion of curing for 39 gold pieces
  1148 | D        | Bought a potion of lignification for 30 gold pieces
  1158 | D        | Bought a scroll of enchant armour for 90 gold pieces
  1158 | D        | Bought a scroll of vulnerability for 48 gold pieces
  1158 | D        | Bought a scroll of fear for 48 gold pieces
  1158 | D        | Bought a scroll of magic mapping for 90 gold pieces
  1158 | D        | Bought a scroll of blinking for 90 gold pieces
  1158 | D        | Bought a scroll of poison for 48 gold pieces
  1160 | D        | Bought a scroll of blinking for 97 gold pieces
  1160 | D        | Bought a scroll of blinking for 97 gold pieces
  1160 | D        | Bought a scroll of enchant weapon for 97 gold pieces
  1160 | D        | Bought a scroll of identify for 26 gold pieces
  1160 | D        | Bought a scroll of enchant weapon for 97 gold pieces
  1165 | D        | Bought a potion of heal wounds for 50 gold pieces
  1165 | D        | Bought a potion of might for 40 gold pieces
  1165 | D        | Bought a potion of curing for 30 gold pieces
  1165 | D        | Bought a potion of curing for 30 gold pieces
  1165 | D        | Bought a potion of curing for 30 gold pieces
  1165 | D        | Bought a potion of degeneration for 10 gold pieces
  1166 | D        | Bought a potion of heal wounds for 60 gold pieces
  1166 | D        | Bought a scroll of enchant weapon for 90 gold pieces
  1166 | D        | Bought a scroll of identify for 24 gold pieces
  1167 | D        | Bought a potion of heal wounds for 50 gold pieces
  1167 | D        | Bought a potion of curing for 30 gold pieces
  1167 | D        | Bought a potion of curing for 30 gold pieces
  1167 | D        | Bought a potion of haste for 100 gold pieces
  1167 | D        | Bought a potion of curing for 30 gold pieces
  1167 | D        | Bought a potion of curing for 30 gold pieces
  1167 | D        | Bought a potion of might for 40 gold pieces
  1167 | D        | Bought a potion of heal wounds for 50 gold pieces
  1214 | D        | Found a burning altar of Makhleb.
  1214 | D        | Found a viscous altar of Jiyva.
  1214 | D        | Found a shimmering altar of Xom.
  1214 | D        | Found a corrupted altar of Lugonu.
  1271 | D        | Bought a scroll of fog for 56 gold pieces
  1271 | D        | Bought a scroll of identify for 28 gold pieces
  1271 | D        | Bought a scroll of enchant armour for 105 gold pieces
  1271 | D        | Bought a scroll of immolation for 56 gold pieces
  1271 | D        | Bought a scroll of identify for 28 gold pieces
  1271 | D        | Bought a scroll of identify for 28 gold pieces
  1366 | D        | Noticed a lindwurm
  1368 | D        | Killed a lindwurm
  1379 | D        | Reached skill level 10 in Fighting
  1462 | D        | Noticed a 12-headed hydra
  1464 | D        | Killed a 12-headed hydra
  1523 | D        | Bought a scroll of identify for 28 gold pieces
  1523 | D        | Bought a scroll of identify for 28 gold pieces
  1541 | D        | Bought a potion of curing for 36 gold pieces
  1541 | D        | Bought a potion of heal wounds for 60 gold pieces
  1541 | D        | Bought a potion of heal wounds for 60 gold pieces
  1541 | D        | Bought a potion of curing for 36 gold pieces
  1541 | D        | Bought a potion of cancellation for 96 gold pieces
  1600 | D        | Bought a ring of poison resistance for 240 gold pieces
  1680 | D        | Noticed a lorocyproca
  1701 | D        | Killed a lorocyproca
  1949 | D        | Bought a ring of flight for 280 gold pieces
  1949 | D        | Bought a ring of protection from fire for 400 gold pieces
  2036 | D        | Noticed a shadow dragon
  2036 | D        | Noticed a golden dragon
  2039 | D        | Identified the +2 scimitar of Inoqosky {holy, rN+++ Will+
                  | rCorr Dex-2}
  2040 | D        | Killed a shadow dragon
  2041 | D        | Killed a golden dragon
  2042 | D        | Reached XP level 12. HP: 70/70 MP: 13/13
  2110 | D        | Found Poed's General Store.
  2129 | D        | Bought a potion of cancellation for 88 gold pieces
  2129 | D        | Bought a potion of heal wounds for 55 gold pieces
  2167 | D        | Noticed a daeva
  2226 | D        | Killed a daeva
  2311 | D        | Reached skill level 15 in Short Blades
  2340 | D        | Bought a runed rapier for 175 gold pieces
  2352 | D        | Noticed a fire giant
  2355 | D        | Noticed a fire giant
  2356 | D        | Noticed a fire giant
  2357 | D        | Noticed a fire giant
  2359 | D        | Killed a fire giant
  2363 | D        | Killed a fire giant
  2380 | D        | Killed a fire giant
  2402 | D        | Killed a fire giant
  2437 | D        | Found the +4 dragonskin cloak
  2437 | D        | Noticed Tiamat
  2460 | D        | Bought a scroll of enchant weapon for 112 gold pieces
  2460 | D        | Bought a scroll of silence for 142 gold pieces
  2460 | D        | Bought a scroll of identify for 30 gold pieces
  2472 | D        | Killed Tiamat
  2575 | D        | Noticed a deep elf annihilator
  2575 | D        | Noticed a mummy priest
  2577 | D        | Killed a deep elf annihilator
  2578 | D        | Reached XP level 13. HP: 77/77 MP: 14/14
  2580 | D        | Killed a mummy priest
  2679 | D        | Bought a scroll of identify for 54 gold pieces
  2679 | D        | Bought a scroll labelled SOZAFE GAABREM for 27 gold pieces
  2696 | D        | Noticed the 27-headed Lernaean hydra
  2706 | D        | Noticed a deep elf master archer
  2712 | D        | Shot with an arrow by a deep elf master archer

Illustrated notes

Levels and vault maps discovered:
D:        dungeon_sprint_1 [red_sonja_temple_1, red_sonja_temple_small_1]

Skill      XL: |  1  2  3  4  5  6  7  8  9 10 11 12 13 |
---------------+----------------------------------------+-----
Stealth        | 9 14 18 19 25 26 27 | 27.0
Fighting       | 1 4 6 8 11 13 | 13.5
Short Blades   | 1 5 8 11 14 16 17 | 17.1
Dodging        | 7 11 16 21 25 | 25.9
Evocations     | |  4.0

Action                     |  1- 3 |  4- 6 |  7- 9 | 10-12 | 13-15 || total
---------------------------+-------+-------+-------+-------+-------++-------
  Melee: Dagger            |       |     3 |   200 |    37 |       ||   240
         Punch             |       |       |     7 |     4 |       ||    11
         Rapier            |       |       |       |   260 |    27 ||   287
 Invoke: Call Merchant     |       |       |       |     4 |     1 ||     5
  Evoke: Wand              |     8 |     4 |       |    16 |     1 ||    29
    Use: Scroll            |       |       |       |    20 |     4 ||    24
         Potion            |       |       |       |    22 |       ||    22
   Stab: Sleeping          |       |     3 |     5 |    40 |     4 ||    52
         Distracted        |       |       |       |     2 |     3 ||     5
 Armour: Robe              |       |       |       |     8 |     4 ||    12
  Dodge: Dodged            |     1 |     1 |       |   145 |    32 ||   179
